 Dungeon Crawl Stone Soup version 0.27-a0-681-g0c81a3c1c3 (webtiles) character file.

Game seed: 1874185481833290241

3394 tatocazan the Soothsayer (level 9, -4/69 HPs)
             Began as a Demonspawn Fighter on Mar 19, 2021.
             Was a Priest of Nemelex Xobeh.
             Slain by an unseen horror (7 damage)
             ... on level 8 of the Dungeon.
             The game lasted 00:11:36 (8553 turns).

tatocazan the Soothsayer (Demonspawn Fighter)       Turns: 8553, Time: 00:11:36

Health: -4/69      AC: 18    Str: 20    XL:     9   Next: 75%
Magic:  14/14      EV:  8    Int:  9    God:    Nemelex Xobeh [***...]
Gold:   295        SH: 19    Dex: 19    Spells: 8/8 levels left

rFire    . . .     SeeInvis .   a - +0 war axe
rCold    + . .     Faith    .   c - +0 kite shield
rNeg     . . .     Spirit   .   l - +0 chain mail
rPois    .         Reflect  .   (no helmet)
rElec    .         Harm     .   j - +1 cloak
rCorr    .         Rampage  .   b - +1 pair of gloves
Will     .....                  (no boots)
Stlth    ..........             (no amulet)
HPRegen  0.21/turn              i - +6 ring of dexterity
MPRegen  0.14/turn              f - ring of protection from cold

@: very slightly contaminated, invisible
A: talons 2, large bone plates 1, icemail 1, condensation shield
a: Renounce Religion, Draw Escape, Draw Destruction, Draw Summoning, Triple Draw


You were on level 8 of the Dungeon.
You worshipped Nemelex Xobeh.
Nemelex Xobeh was most pleased with you.
You visited 1 branch of the dungeon, and saw 8 of its levels.

You collected 467 gold pieces.
You spent 172 gold pieces at shops.

Inventory:

Hand Weapons
 a - a +0 war axe (weapon)
Missiles
 n - 10 boomerangs (quivered)
 C - 5 silver javelins
Armour
 b - a +1 pair of gloves (worn)
 c - a +0 kite shield (worn)
 j - a +1 cloak (worn)
 l - a +0 chain mail (worn)
Jewellery
 f - a ring of protection from cold (left hand)
 i - a +6 ring of dexterity (right hand)
 r - a ring of protection from fire
 w - a ring of resist corrosion
Wands
 v - a wand of iceblast (6)
Scrolls
 e - 2 scrolls of amnesia {unknown}
 g - a scroll of brand weapon {unknown}
 h - a scroll of noise {unknown}
 k - 11 scrolls of identify {unknown}
 m - 2 scrolls of fear {unknown}
 o - 6 scrolls of teleportation {unknown}
 s - 2 scrolls of holy word {unknown}
 t - a scroll of fog {unknown}
 x - a scroll of random uselessness {unknown}
 y - a scroll of immolation {unknown}
 B - 2 scrolls of torment {unknown}
Potions
 d - a potion of flight
 p - a potion of cancellation {unknown}
 q - a potion of magic {unknown}
 u - a potion of invisibility
 z - 2 potions of haste {unknown}
 A - 2 potions of curing {unknown}


   Skills:
 + Level 6.0 Fighting
 * Level 7.0 Axes
 + Level 5.4 Armour
 + Level 4.4 Dodging
 + Level 5.4 Shields
 * Level 7.3 Invocations


You had 8 spell levels left.
You didn't know any spells.
Your spell library contained the following spells:

 Spells                   Type           Power      Damage    Failure   Level
 Animate Skeleton         Necr           0%         N/A       100%        1
 Apportation              Tloc           0%         N/A       100%        1
 Beastly Appendage        Tmut           0%         N/A       100%        1
 Corona                   Hex            0%         N/A       100%        1
 Summon Small Mammal      Summ           0%         N/A       100%        1
 Wereblood                Tmut           0%         N/A       100%        2
 Confusing Touch          Hex            0%         N/A       100%        3
 Gell's Gravitas          Tloc           0%         N/A       100%        3
 Spider Form              Tmut/Pois      0%         N/A       100%        3
 Ice Form                 Ice/Tmut       0%         N/A       100%        4
 Petrify                  Tmut/Erth      0%         N/A       100%        4
 Blade Hands              Tmut           0%         N/A       100%        5
 Metabolic Englaciation   Hex/Ice        0%         N/A       100%        5
 Yara's Violent Unravell  Hex/Tmut       0%         3d3       100%        5


Dungeon Overview and Level Annotations

Branches:
Dungeon (8/15)             Temple (0/1) D:4
   Lair: D:8-11

Altars:
Nemelex Xobeh
Qazlal

Shops:
D:3 *   D:6 *

Annotations:
D:7 Prince Ribbit


Innate Abilities, Weirdness & Mutations

You have razor-sharp toenails.
You are partially covered in large bone plates. (SH +4)
A meltable icy envelope protects you from harm. (AC +4)
A meltable shield of frost defends you. (SH +4)


Message History

* * * LOW HITPOINT WARNING * * *
You are very lightly contaminated with residual magic.
You take 1 damage, and have 5/69 hp.
Something hits you but does no damage. You block something's attack.
Something hits you.
* * * LOW HITPOINT WARNING * * *
You block something's attack. Something hits you but does no damage.
Something hits you but does no damage. Something hits you but does no damage.
Something hits you but does no damage. Something hits you but does no damage.
You block something's attack. Something completely misses you.
You feel yourself speed up. You block something's attack. Something hits you.
* * * LOW HITPOINT WARNING * * *
Something completely misses you.
You take 5 damage, and have 2/69 hp.
Something hits you.
* * * LOW HITPOINT WARNING * * *
Something hits you but does no damage.
You draw a card...
You have drawn Velocity.
Nothing appears to happen.
Something hits you but does no damage. You block something's attack.
Something hits you.
* * * LOW HITPOINT WARNING * * *
You take 1 damage, and have 2/69 hp.
You draw a card...
You have drawn the Orb.
Press: ? - help, Shift-Dir - straight line You block something's attack.
Your orb of destruction hits a rock wall.
Something hits you but does no damage. Something hits you but does no damage.
You draw a card...
You have drawn the Cloud.
Clouds appear around you! Something hits you but does no damage.
Something hits you!
You die...
Your body glows slightly and disappears.

..#.###............##
..#####...........##
...###....>......##
................####
..........#.#....#.##
.........##......#..#
..........#.........#
.........###..§§...##
..............§§@###
..........#...§§##
..........##.°§.°#
...........#○....#
...........°.....##
......##..○..#....#
.....###.°°..#...##
...###.#.....##.##
.## ##.....######


There were no monsters in sight!

Vanquished Creatures
  Eustachio (D:6)
  A steam dragon (D:7)
  A wraith (D:8)
  Duvessa (D:4)
  2 ice beasts (D:7)
  A necrophage (D:7)
  2 sky beasts (D:7)
  A black bear (D:8)
  4 ogres
  A centaur (D:5)
  A kobold brigand (D:7)
  7 bullfrogs
  Dowan (D:4)
  2 jellies (D:7)
  6 scorpions
  3 wights (D:8)
  3 howler monkeys (D:7)
  A quasit (D:7)
  A bullfrog skeleton (D:5)
  3 hounds
  2 orc priests
  Crazy Yiuf (D:4)
  A centaur skeleton (D:7)
  An iguana (D:8)
  3 orc wizards
  3 worker ants
  Terence (D:3)
  A killer bee zombie (D:6)
  A hound skeleton (D:8)
  10 adders
  3 gnolls (D:6)
  A shadow imp (D:8)
  A white imp (D:6)
  An ooze (D:4)
  An ufetubus (D:8)
  An adder skeleton (D:4)
  A worm (D:3)
  2 dart slugs (D:1)
  3 leopard geckos
  17 orcs
  5 giant cockroaches
  7 goblins
  9 hobgoblins
  8 jackals
  9 kobolds
  3 quokkas
  2 ball pythons
  6 bats
  7 frilled lizards
  6 rats
160 creatures vanquished.

Vanquished Creatures (others)
  4 fungi (D:4)
  35 plants (D:2)
39 creatures vanquished.

Grand Total: 199 creatures vanquished

Notes
Turn   | Place    | Note
-------+----------+-------------------------------------------
     0 | D:1      | tatocazan the Demonspawn Fighter began the quest for the
                  | Orb.
     0 | D:1      | Reached XP level 1. HP: 18/18 MP: 1/1
   188 | D:1      | Gained mutation: A meltable shield of frost defends you.
                  | (SH +4) [demonic ancestry]
   188 | D:1      | Reached XP level 2. HP: 22/24 MP: 2/2
   649 | D:1      | Gained mutation: A meltable icy envelope protects you from
                  | harm. (AC +4) [demonic ancestry]
   649 | D:1      | Reached XP level 3. HP: 29/29 MP: 3/3
  1014 | D:2      | Gained mutation: You have sharp toenails. [demonic
                  | ancestry]
  1014 | D:2      | Reached XP level 4. HP: 35/35 MP: 4/4
  1236 | D:2      | Reached skill level 1 in Dodging
  1295 | D:2      | Noticed a bullfrog
  1301 | D:2      | Killed a bullfrog
  1302 | D:2      | Reached XP level 5. HP: 41/41 MP: 5/5
  1594 | D:3      | Noticed Terence
  1603 | D:3      | Killed Terence
  1638 | D:3      | Found a stormy altar of Qazlal.
  1685 | D:3      | Found Komnut's Assorted Antiques.
  2214 | D:4      | Found a sparkling altar of Nemelex Xobeh.
  2352 | D:4      | Became a worshipper of Nemelex Xobeh the Trickster
  2376 | D:4      | Noticed an ogre
  2382 | D:4      | Killed an ogre
  2383 | D:4      | Reached XP level 6. HP: 12/48 MP: 6/6
  2730 | D:4      | Noticed Duvessa
  2751 | D:4      | Noticed Dowan
  2758 | D:4      | Killed Duvessa
  2762 | D:4      | Killed Dowan
  2763 | D:4      | Reached XP level 7. HP: 42/55 MP: 7/7
  3520 | D:4      | Found a staircase to the Ecumenical Temple.
  4037 | D:4      | Found a runed translucent door.
  4038 | D:4      | Noticed Crazy Yiuf
  4046 | D:4      | Killed Crazy Yiuf
  4073 | D:5      | Entered Level 5 of the Dungeon
  4077 | D:5      | Reached skill level 1 in Invocations
  4186 | D:5      | Reached * piety under Nemelex Xobeh
  4673 | D:6      | Noticed Eustachio
  4694 | D:6      | Killed Eustachio
  4695 | D:6      | Reached skill level 5 in Axes
  4695 | D:6      | Gained mutation: You have razor-sharp toenails. [demonic
                  | ancestry]
  4695 | D:6      | Reached XP level 8. HP: 41/61 MP: 8/10
  4916 | D:6      | Received a gift from Nemelex Xobeh
  5043 | D:6      | Reached skill level 5 in Fighting
  5673 | D:6      | Reached ** piety under Nemelex Xobeh
  5711 | D:6      | Found Miluux's Assorted Antiques.
  5722 | D:6      | Bought a pair of glowing gloves for 172 gold pieces
  6339 | D:7      | Reached skill level 5 in Invocations
  6487 | D:7      | Gained mutation: You are partially covered in large bone
                  | plates. (SH +4) [demonic ancestry]
  6487 | D:7      | Reached XP level 9. HP: 15/68 MP: 11/13
  7079 | D:7      | Reached skill level 5 in Shields
  7195 | D:7      | Noticed Prince Ribbit
  7199 | D:7      | Reached skill level 5 in Armour
  7286 | D:7      | Received a gift from Nemelex Xobeh
  7710 | D:8      | Reached *** piety under Nemelex Xobeh
  8541 | D:8      | HP: 2/69 [something (5)]
  8548 | D:8      | HP: 2/69 [something (1)]
  8553 | D:8      | Slain by an unseen horror

Illustrated notes

Levels and vault maps discovered:
D:1:      lightli_arrival_isolated_outpost, layout_basic,
          hangedman_feature_mirror, st_stairs_11
D:2:      layout_loops_cross, serial_bayou_lagoon_a
D:3:      layout_basic, general_overflow_altar, serial_shops, shop, uniq_terence
D:4:      layout_loops_corners, minmay_temple_entry_mini_moons,
          nemelex_xobeh_ov_fountains_minmay, uniq_crazy_yiuf_cottage,
          uniq_duvessa
D:5:      layout_rooms
D:6:      layout_layer_cave, serial_shops, shop, uniq_eustachio
D:7:      layout_gridville, uniq_prince_ribbit1
D:8:      minmay_the_grid_square_5x5_3x3 [minmay_the_grid_square_5x5_shuriken,
          minmay_the_grid_square_5x5_inner_i,
          minmay_the_grid_square_5x5_minimal,
          minmay_the_grid_square_5x5_shrine2,
          minmay_the_grid_square_5x5_megaprize_crossed,
          minmay_the_grid_square_5x5_tri_point,
          minmay_the_grid_square_5x5_three_walls,
          minmay_the_grid_square_5x5_meh, minmay_the_grid_square_5x5_empty],
          layout_cave_pools, uniq_erica

Skill      XL: |  1  2  3  4  5  6  7  8  9 |
---------------+----------------------------+-----
Axes           | 2 3 4 5 6 7 |  7.0
Shields        | 3 4 5 |  5.4
Armour         | 3 4 5 |  5.4
Dodging        | 1 2 3 4 |  4.4
Fighting       | 4 5 6 |  6.0
Invocations    | 3 5 7 |  7.3

Action                   |  1- 3 |  4- 6 |  7- 9 || total
-------------------------+-------+-------+-------++-------
Melee: War axe           |   111 |    89 |   314 ||   514
       Kick              |       |    22 |   132 ||   154
Throw: Boomerang         |       |     4 |     6 ||    10
Invok: Draw Destruction  |       |       |     5 ||     5
       Draw Escape       |       |       |     3 ||     3
  Use: Potion            |       |     1 |     6 ||     7
Armor: Scale mail        |    78 |    43 |    72 ||   193
       Skin              |       |       |     5 ||     5
       Chain mail        |       |       |   271 ||   271
Dodge: Dodged            |    38 |    28 |   127 ||   193
Block: Kite shield       |   111 |    70 |   382 ||   563

Table legend: (Time is in decaauts)
 A = Elapsed time spent in this place.
 B = Non-inter-level travel time spent in this place.
 C = Inter-level travel time spent in this place.
 D = Time resting spent in this place.
 E = Time spent auto-exploring this place.
 F = Levels seen in this place.
 G = Mean time per level.
                   A        B        C        D        E       F      G
               +--------+--------+--------+--------+--------+-----+--------+
         Total |   8864 |   8664 |    200 |   2243 |   4963 |   8 | 1108.0 |
       Dungeon |   8864 |   8664 |    200 |   2243 |   4963 |   8 | 1108.0 |
               +--------+--------+--------+--------+--------+-----+--------+

Top non-repeatable levels by time:
     D:7: 2000 daAuts
     D:4: 1999 daAuts
     D:6: 1736 daAuts
     D:1: 846 daAuts
     D:2: 811 daAuts
     D:5: 606 daAuts
     D:3: 574 daAuts
     D:8: 289 daAuts
